 Dungeon Crawl Stone Soup version 0.16.1-14-g82efdee (webtiles) character file.

235 RepoMan the Grasshopper (level 5, -3/38 HPs)
             Began as a Demonspawn Warper on Apr 13, 2015.
             Killed by divine providence
             ... invoked by an orc priest
              (13 damage)
             ... on level 3 of the Dungeon.
             The game lasted 00:26:46 (3706 turns).

RepoMan the Grasshopper (Demonspawn Warper)         Turns: 3706, Time: 00:26:46

Health: -3/38      AC:  7    Str: 12    XL:     5   Next: 76%
Magic:  5/11       EV: 11    Int: 14    God:
Gold:   144        SH:  0    Dex: 13    Spells: 4 memorised, 2 levels left

rFire  . . .     SeeInvis .     a - +0 falchion
rCold  . . .     Clarity  .     b - +0 leather armour
rNeg   . . .     SustAb   .     (no shield)
rPois  .         Gourm    .     (no helmet)
rElec  .         Spirit   .     (no cloak)
rCorr  .         Warding  .     (no gloves)
rMut   .         Stasis   .     (no boots)
MR     .....                    (no amulet)
Stlth  +.........               (no ring)
                                (no ring)

@: very slightly contaminated, not resistant to hostile enchantments, very
unstealthy
A: talons 1, iridescent scales 1
a: no special abilities


You were on level 3 of the Dungeon.
You were not hungry.

You visited 1 branch of the dungeon, and saw 3 of its levels.

You collected 144 gold pieces.

Inventory:

Hand weapons
 a - a +0 falchion (weapon)
 u - a +0 spear
Missiles
 e - 30 sling bullets
 o - 22 stones (quivered)
Armour
 b - a +0 leather armour (worn)
Scrolls
 h - 6 scrolls of identify {unknown}
 j - a scroll of fog {unknown}
 k - 4 scrolls of remove curse {unknown}
 l - 2 scrolls of teleportation {unknown}
 n - a scroll of amnesia {unknown}
 r - a scroll of immolation {unknown}
 s - a scroll of noise {unknown}
Potions
 g - a potion of agility {unknown}
 i - a potion of heal wounds {unknown}
 p - 2 potions of cancellation {unknown}
 q - 2 potions of curing {unknown}
Books
 c - a book of Spatial Translocations

   Spells                             Type                      Level
   a - Apportation                    Translocation                1
   b - Blink                          Translocation                2
   c - Shroud of Golubria             Charms/Translocation         2
   d - Portal Projectile              Translocation                3
   e - Teleport Other                 Translocation                3
   f - Passage of Golubria            Translocation                4
Comestibles
 d - a meat ration
 f - 5 bread rations
 m - 3 beef jerkies


   Skills:
 - Level 2.0 Fighting
 * Level 3.9 Long Blades
 - Level 0.8 Throwing
 - Level 0.8 Armour
 - Level 1.7 Dodging
 + Level 3.0 Spellcasting
 * Level 4.0 Translocations


You had 2 spell levels left.
You knew the following spells:

 Your Spells              Type           Power        Failure   Level  Hunger
a - Apportation           Tloc           ##........   8%          1    #......
b - Blink                 Tloc           N/A          10%         2    ##.....
c - Shroud of Golubria    Chrm/Tloc      #.........   21%         2    ##.....
d - Teleport Other        Tloc           ##......     17%         3    ###....


Dungeon Overview and Level Annotations

Branches:
Dungeon (3/15)

Altars:

Annotations:
D:3 billydstr's ghost, weakling MiBe


Innate Abilities, Weirdness & Mutations

You have sharp toenails.
You are partially covered in iridescent scales (AC +4).


Message History

You are very lightly contaminated with residual magic.
Nothing appears to happen.
Billydstr's ghost hits you!
Casting: Blink
Confirm with . or Enter, or press ? or * to list all spells.
You blink.
An orc priest comes into view. It is wielding a flail.
The orc priest shouts!
The orc priest invokes the aid of Beogh against you.
Something smites you! The orc barely misses you.
The orc hits you with a short sword.
Casting: Blink
Confirm with . or Enter, or press ? or * to list all spells.
You blink.
The worm bites you!
* * * LOW HITPOINT WARNING * * *
An orc comes into view.
The orc shouts!
The orc priest mumbles some strange prayers to Beogh against you.
Something smites you!
You die...

#.###################.# #.#
######......# ..# ###.#
#...........#...## ..#.##
#.................. ..#..#
#..o......o.....## .....#
#..Wo............. ..#..#
#................# ..#..#
#.w..(.o....#.... ###..#
#...@.......'... .....#
#####...........#..
####.####..........<....#.
............................
.......[.........##........
.#.###)#.....###..#........
.#.#.#.#.....# ##.#........
.#...#.#.##### .#.#...#.
.###.#.#.# .......#


You could see a worm, an orc priest, billydstr's ghost and 3 orcs.

Vanquished Creatures
  A crimson imp (D:3)
  An orc wizard (D:3)
  4 adders (D:2)
  3 gnolls (D:3)
  3 worms
  2 giant geckos
  An ooze (D:1)
  4 orcs (D:3)
  A ball python (D:3)
  9 bats
  5 giant cockroaches (D:2)
  13 hobgoblins
  5 jackals (D:2)
  8 kobolds
  4 quokkas (D:2)
  4 giant newts
  8 goblins
  7 rats
83 creatures vanquished.

Notes
Turn   | Place    | Note
--------------------------------------------------------------
     0 | D:1      | RepoMan, the Demonspawn Warper, began the quest for the Orb.
     0 | D:1      | Reached XP level 1. HP: 16/16 MP: 3/3
   122 | D:1      | Gained mutation: You are partially covered in iridescent scales (AC +4). [demonic ancestry]
   122 | D:1      | Reached XP level 2. HP: 19/22 MP: 4/4
   626 | D:2      | Learned a level 2 spell: Blink
   629 | D:2      | Learned a level 2 spell: Shroud of Golubria
   754 | D:2      | Reached skill level 3 in Translocations
   941 | D:2      | Gained mutation: You have sharp toenails. [demonic ancestry]
   941 | D:2      | Reached XP level 3. HP: 23/27 MP: 6/6
  1364 | D:2      | Reached XP level 4. HP: 22/33 MP: 5/8
  1572 | D:2      | Learned a level 3 spell: Teleport Other
  2879 | D:3      | Reached XP level 5. HP: 29/38 MP: 5/9
  3178 | D:3      | Reached skill level 4 in Translocations
  3255 | D:3      | Noticed billydstr's ghost (weakling MiBe)
  3706 | D:3      | Killed from afar by an orc priest

Action                   |  1- 3 |  4- 6 || total
-------------------------+-------+-------++-------
Melee: Falchion          |   186 |   241 ||   427
       Spear             |       |    11 ||    11
Throw: Tomahawk          |     5 |       ||     5
       Stone             |     4 |     7 ||    11
 Cast: Shroud of Golubri |     5 |    13 ||    18
       Blink             |     1 |     5 ||     6
       Apportation       |       |     5 ||     5
  Use: Scroll            |     1 |       ||     1
  Eat: Chunk             |     2 |     6 ||     8
       Pizza             |       |     1 ||     1
       Fruit             |       |     2 ||     2
